 Dungeon Crawl Stone Soup version 0.29-a0-1023-g6ae1a4a2c7 (webtiles) character file.

Game seed: 6915359625749242161

590 sanka the Conjurer (level 7, -3/51 HPs)
             Began as a Gnoll Conjurer on Aug 11, 2022.
             Was an Initiate of Ashenzari.
             Slain by a black bear (6 damage)
             ... on level 7 of the Dungeon.
             The game lasted 00:04:43 (4250 turns).

sanka the Conjurer (Gnoll Conjurer)                 Turns: 4250, Time: 00:04:43

Health: -3/51      AC:  2    Str:  7    XL:     7   Next: 39%
Magic:  7/15       EV: 13    Int: 19    God:    Ashenzari [......]
Gold:   243        SH:  0    Dex: 10    Spells: 14/17 levels left

rFire   . . .      SeeInvis .   a - +3 hand axe (vorpal)
rCold   . . .      Faith    .   (no shield)
rNeg    . . .      Spirit   .   j - +0 robe
rPois   .          Reflect  .   (no helmet)
rElec   .          Harm     .   i - scarf {+Inv}
rCorr   .          Rampage  .   (no gloves)
Will    +....                   (no boots)
Stlth   +++.......              (no amulet)
HPRegen 0.17/turn               (no ring)
MPRegen 0.14/turn               s - ring of willpower

@: no status effects
A: fangs 1, strong nose, distributed training
a: Renounce Religion, Evoke Invisibility


You were on level 7 of the Dungeon.
You worshipped Ashenzari.
Ashenzari was noncommittal.
You visited 2 branches of the dungeon, and saw 6 of its levels.

You collected 243 gold pieces.


Innate Abilities, Weirdness & Mutations

You have very sharp teeth.
Your uncanny sense of smell can sniff out nearby items.
Your experience applies equally to all skills.


   Skills:
 + Level 2.5 Fighting
 + Level 2.5 Short Blades
 + Level 2.5 Long Blades
 + Level 2.5 Axes
 + Level 2.5 Maces & Flails
 + Level 2.5 Polearms
 + Level 2.5 Staves
 + Level 2.5 Ranged Weapons
 + Level 2.5 Throwing
 + Level 2.5 Armour
 + Level 5.3 Dodging
 + Level 4.9 Stealth
 + Level 2.5 Shields
 + Level 2.5 Unarmed Combat
 + Level 5.6 Spellcasting
 + Level 7.4 Conjurations
 + Level 2.1 Hexes
 + Level 2.1 Summonings
 + Level 2.1 Necromancy
 + Level 2.1 Translocations
 + Level 2.1 Transmutations
 + Level 2.1 Fire Magic
 + Level 2.1 Ice Magic
 + Level 2.1 Air Magic
 + Level 2.1 Earth Magic
 + Level 2.1 Poison Magic
 + Level 2.8 Invocations
 + Level 2.5 Evocations


You had 14 spell levels left.
You knew the following spells:

 Your Spells              Type           Power      Damage    Failure   Level
x - Searing Ray           Conj           66%        2d6       1%          2
z - Magic Dart            Conj           100%       1d8       1%          1

Your spell library contained the following spells:

 Spells                   Type           Power      Damage    Failure   Level
 Apportation              Tloc           26%        N/A       4%          1
 Dazzling Flash           Conj/Hex       46%        N/A       4%          3
 Fulminant Prism          Conj/Hex       11%        3d9       16%         4
 Iskenderun's Mystic Bla  Conj/Tloc      23%        2d6       16%         4
 Animate Dead             Necr           13%        N/A       43%         4
 Alistair's Intoxication  Tmut/Pois      8%         N/A       80%         5
 Borgnjor's Vile Clutch   Necr/Erth      6%         N/A       80%         5
 Death Channel            Necr           6%         N/A       100%        6

Inventory:

Hand Weapons
 a - a +3 vorpal hand axe (weapon)
 b - a +0 dagger
 t - a +0 morningstar
 u - a +2 short sword of venom
Missiles
 q - 5 javelins
Armour
 i - a scarf of invisibility (worn)
 j - a +0 robe (worn)
Jewellery
 s - a ring of willpower (right hand)
Wands
 v - a wand of mindburst (11)
Scrolls
 f - 6 scrolls of identify {unknown}
 g - 2 scrolls of poison {unknown}
 m - a scroll of magic mapping {unknown}
 n - a scroll of torment {unknown}
 o - a scroll of immolation {unknown}
 w - a scroll of amnesia {unknown}
Potions
 c - 3 potions of heal wounds {unknown}
 d - 4 potions of curing {unknown}
 e - 2 potions of degeneration {unknown}
 h - a potion of lignification {unknown}
 k - a potion of magic
 l - 3 potions of berserk rage {unknown}
 p - 2 potions of attraction {unknown}
 r - a potion of resistance {unknown}
 x - a potion of flight {unknown}

Dungeon Overview and Level Annotations

Branches:
Dungeon (4/15)             Temple (1/1) D:4

Altars:
Ashenzari
Cheibriados
Dithmenos
Elyvilon
Fedhas
Gozag
Makhleb
Okawaru
Qazlal
Ru
Sif Muna
Trog
Uskayaw
Vehumet
Wu Jian
Xom
Zin

Shops:
D:3

[ ▒........▒▒.▒ ▒
▒.........▒.▒.▒
▒.........▒.▒.▒
▒.........▒.▒.▒
▒.............▒▒▒▒▒
▒.▒.....)..........
...▒.>.▒▒▒▒.▒▒▒▒▒▒▒
...▒▒▒ ▒.▒ .. ▒g▒
▒h▒ ▒.. .... ▒▒▒▒▒


You could see a black bear (berserk).


Message History

The black bear is almost dead.
The black bear goes berserk!
The searing ray hits the black bear.
The black bear is almost dead.
You finish channelling your searing ray.
The black bear bites you. The black bear barely misses you.
The black bear claws you.
Aiming: Searing Ray (safe; 1% risk of failure)
Aim: a black bear (almost dead, berserk, 86% to hit)
The searing ray misses the black bear. (Press . to maintain the ray.)
The black bear bites you! The black bear claws you.
* * * LOW HITPOINT WARNING * * *
The black bear claws you.
* * * LOW HITPOINT WARNING * * *
The black bear bites you!
* * * LOW HITPOINT WARNING * * *
The black bear claws you.
* * * LOW HITPOINT WARNING * * *
The black bear closely misses you.
Unknown command.
The searing ray hits the black bear.
The black bear is almost dead.
The black bear misses you. The black bear claws you.
* * * LOW HITPOINT WARNING * * *
The black bear claws you.
You die...

Action                   |  1- 3 |  4- 6 |  7- 9 || total
-------------------------+-------+-------+-------++-------
Melee: Hand axe          |       |     3 |    10 ||    13
 Cast: Magic Dart        |    42 |    72 |    23 ||   137
       Searing Ray       |     2 |     7 |     6 ||    15
Armor: Robe              |       |     1 |       ||     1
Dodge: Dodged            |     3 |    23 |    10 ||    36

Levels and vault maps discovered:
D:1:      dpeg_arrival_stonehenge_8_columns, layout_loops_corners,
          minmay_shallow_snake_nest
D:2:      layout_basic, shapermc_ecumenical_altar_gd, uniq_terence
D:3:      layout_basic, serial_shops, nicolae_shop_competitors_out_of_business,
          kennysheep_path_1, nicolae_concentric_dashed_squares_mild, st_stairs_8
D:4:      layout_rooms, minmay_temple_entry_mini_moons, minmay_hedge_maze
D:7:      layout_loops_ring
Temple:   minmay_crystal_spiral_temple

Notes
Turn   | Place    | Note
-------+----------+-------------------------------------------
     0 | D:1      | sanka the Gnoll Conjurer began the quest for the Orb.
     0 | D:1      | Reached XP level 1. HP: 13/13 MP: 6/6
   394 | D:1      | Reached XP level 2. HP: 19/19 MP: 5/7
   691 | D:1      | Learned a level 2 spell: Searing Ray
   734 | D:1      | Reached skill level 5 in Spellcasting
   734 | D:1      | Reached XP level 3. HP: 25/25 MP: 6/9
  1226 | D:2      | Found a faded altar of an unknown god.
  1311 | D:2      | Noticed Terence
  1325 | D:2      | Reached skill level 1 in Invocations
  1330 | D:2      | Killed Terence
  1331 | D:2      | Reached skill level 1 in Fighting
  1331 | D:2      | Reached skill level 1 in Short Blades
  1331 | D:2      | Reached skill level 1 in Long Blades
  1331 | D:2      | Reached skill level 1 in Axes
  1331 | D:2      | Reached skill level 1 in Maces & Flails
  1331 | D:2      | Reached skill level 1 in Polearms
  1331 | D:2      | Reached skill level 1 in Staves
  1331 | D:2      | Reached skill level 1 in Ranged Weapons
  1331 | D:2      | Reached skill level 1 in Throwing
  1331 | D:2      | Reached skill level 1 in Armour
  1331 | D:2      | Reached skill level 1 in Shields
  1331 | D:2      | Reached skill level 1 in Unarmed Combat
  1331 | D:2      | Reached skill level 1 in Evocations
  1331 | D:2      | Reached XP level 4. HP: 31/32 MP: 1/11
  1934 | D:2      | Reached skill level 1 in Hexes
  1934 | D:2      | Reached skill level 1 in Summonings
  1934 | D:2      | Reached skill level 1 in Necromancy
  1934 | D:2      | Reached skill level 1 in Translocations
  1934 | D:2      | Reached skill level 1 in Transmutations
  1934 | D:2      | Reached skill level 1 in Fire Magic
  1934 | D:2      | Reached skill level 1 in Ice Magic
  1934 | D:2      | Reached skill level 1 in Air Magic
  1934 | D:2      | Reached skill level 1 in Earth Magic
  1934 | D:2      | Reached skill level 1 in Poison Magic
  2336 | D:3      | Reached XP level 5. HP: 27/37 MP: 0/12
  2612 | D:3      | Found Tuphoasmowue's Armour Emporium.
  3102 | D:4      | Noticed a black bear
  3105 | D:4      | Noticed an ogre
  3107 | D:4      | Killed a black bear
  3108 | D:4      | Reached skill level 2 in Invocations
  3108 | D:4      | Reached XP level 6. HP: 44/44 MP: 7/14
  3111 | D:4      | Reached skill level 2 in Fighting
  3111 | D:4      | Reached skill level 2 in Short Blades
  3111 | D:4      | Reached skill level 2 in Long Blades
  3111 | D:4      | Reached skill level 2 in Axes
  3111 | D:4      | Reached skill level 2 in Maces & Flails
  3111 | D:4      | Reached skill level 2 in Polearms
  3111 | D:4      | Reached skill level 2 in Staves
  3111 | D:4      | Reached skill level 2 in Ranged Weapons
  3111 | D:4      | Reached skill level 2 in Throwing
  3111 | D:4      | Reached skill level 2 in Armour
  3111 | D:4      | Reached skill level 5 in Dodging
  3111 | D:4      | Reached skill level 2 in Shields
  3111 | D:4      | Reached skill level 2 in Unarmed Combat
  3111 | D:4      | Reached skill level 2 in Evocations
  3315 | D:4      | Reached XP level 7. HP: 50/50 MP: 4/15
  3618 | D:4      | Found a staircase to the Ecumenical Temple.
  3644 | D:4      | Reached skill level 2 in Hexes
  3644 | D:4      | Reached skill level 2 in Summonings
  3644 | D:4      | Reached skill level 2 in Necromancy
  3644 | D:4      | Reached skill level 2 in Translocations
  3644 | D:4      | Reached skill level 2 in Transmutations
  3644 | D:4      | Reached skill level 2 in Fire Magic
  3644 | D:4      | Reached skill level 2 in Ice Magic
  3644 | D:4      | Reached skill level 2 in Air Magic
  3644 | D:4      | Reached skill level 2 in Earth Magic
  3644 | D:4      | Reached skill level 2 in Poison Magic
  3905 | Temple   | Entered the Ecumenical Temple
  4054 | Temple   | Became a worshipper of Ashenzari the Shackled
  4249 | D:7      | HP: 4/51 [black bear (5)]
  4250 | D:7      | Slain by a black bear

Vanquished Creatures
  A black bear (D:4)
  An ogre (D:4)
  A phantom (D:4)
  An orc priest (D:4)
  2 iguanas (D:4)
  4 orc wizards
  Terence (D:2)
  7 adders
  A gnoll (D:1)
  A worm (D:2)
  11 orcs
  8 bats
  5 endoplasms
  2 giant cockroaches
  5 hobgoblins
  2 jackals (D:2)
  A quokka (D:3)
  6 ball pythons
  A frilled lizard (D:2)
  7 kobolds
  6 rats
74 creatures vanquished.

Vanquished Creatures (others)
  A demonic plant (D:2)
1 creature vanquished.

Grand Total: 75 creatures vanquished
